 Dungeon Crawl Stone Soup version 0.21.1-1-g345015f (webtiles) character file.

241 infcreate the Shield-Bearer (level 5, 0/47 HPs)
             Began as a Minotaur Fighter on May 1, 2018.
             Slain by a worm (7 damage)
             ... while paralysed by Grinder
             ... on level 3 of the Dungeon.
             The game lasted 00:09:59 (1906 turns).

infcreate the Shield-Bearer (Minotaur Fighter)      Turns: 1906, Time: 00:10:00

Health: 0/47       AC:  7    Str: 21    XL:     5   Next: 80%
Magic:  4/4        EV:  2    Int:  5    God:
Gold:   62         SH:  0    Dex: 10    Spells: 4/4 levels left

rFire    . . .     SeeInvis .   a - +0 war axe
rCold    . . .     Gourm    .   c - +0 shield
rNeg     . . .     Faith    .   b - +0 scale mail
rPois    .         Spirit   .   (helmet restricted)
rElec    .         Reflect  .   (no cloak)
rCorr    .         Harm     .   (no gloves)
MR       .....                  (no boots)
Stlth    ..........             (no amulet)
HPRegen  0.15/turn              (no ring)
MPRegen  0.09/turn              (no ring)

@: paralysed
A: retaliatory headbutt, horns 2
a: no special abilities


You were on level 3 of the Dungeon.
You were not hungry.

You visited 1 branch of the dungeon, and saw 3 of its levels.

You collected 62 gold pieces.

Inventory:

Hand Weapons
 a - a +0 war axe (weapon)
Armour
 b - a +0 scale mail (worn)
 c - a +0 shield (worn)
Scrolls
 g - 4 scrolls of remove curse
 i - 2 scrolls of amnesia {unknown}
 m - 2 scrolls of identify {unknown}
 n - a scroll of blinking {unknown}
 o - a scroll of magic mapping {unknown}
 p - 2 scrolls of random uselessness {unknown}
 q - a scroll of teleportation {unknown}
 r - a scroll of noise {unknown}
 s - 2 scrolls of enchant armour {unknown}
Potions
 d - a potion of might
 e - a potion of brilliance {unknown}
 h - a potion of invisibility {unknown}
 j - a potion of berserk rage {unknown}
 k - a potion of curing {unknown}
 l - 4 potions of heal wounds {unknown}
 t - a potion of haste {unknown}
Comestibles
 f - 4 rations


   Skills:
 + Level 4.8 Fighting
 + Level 4.7 Axes
 + Level 4.8 Armour
 + Level 5.0 Shields


You had 4 spell levels left.
You didn't know any spells.

Dungeon Overview and Level Annotations

Branches:
Dungeon (3/15)

Altars:
Ashenzari

Annotations:
D:3 Grinder


Innate Abilities, Weirdness & Mutations

You reflexively headbutt those who attack you in melee.
You have a pair of horns on your head.


Message History

Grinder is severely wounded.
Grinder blinks!
Grinder hits you.
You writhe in agony.
You closely miss Grinder. Your headbutt misses Grinder.
Grinder is severely wounded.
Grinder hits you.
You writhe in agony.
You slash Grinder! Your headbutt misses Grinder.
Grinder is severely wounded.
Grinder hits you but does no damage. Grinder hits you.
You writhe in agony.
You closely miss Grinder.
Grinder is severely wounded.
Grinder gestures at you.
You suddenly lose the ability to move!
Grinder gestures at you. Pain shoots through your body!
* * * LOW HITPOINT WARNING * * *
The worm bites you but does no damage.
Grinder blinks!
The worm bites you!
You die...

..............# .
.#.#.#.#.#.#.##.
............... .#
.#.#.#.#.#.#.### #.#
...............###..##.
.#.#.#.#.#<#.##.#.#...
....................#
.#.#.#.#w#.#.#......#
.....5.@.†..........#
.#.#.#§#.#.#.#......#
###.....###........#
#.....# ##.†..(..#
#.#.#.# #.......#
#.#...# #.......# #
###.# #.#.#.#.# ...
#.#..<#.# #........#


You could see Grinder and a worm.

Vanquished Creatures
  Sigmund (D:2)
  5 adders
  2 dart slugs (D:1)
  2 leopard geckos
  2 bats
  8 giant cockroaches
  6 goblins
  3 hobgoblins
  2 frilled lizards
  A kobold (D:2)
  5 rats
37 creatures vanquished.

Notes
Turn   | Place    | Note
-------+----------+-------------------------------------------
     0 | D:1      | infcreate the Minotaur Fighter began the quest for the Orb.
     0 | D:1      | Reached XP level 1. HP: 19/19 MP: 0/0
    33 | D:1      | Found a shattered altar of Ashenzari.
   140 | D:1      | Reached XP level 2. HP: 25/27 MP: 1/1
   409 | D:1      | Reached skill level 4 in Shields
   717 | D:2      | Reached XP level 3. HP: 29/33 MP: 2/2
  1438 | D:2      | Noticed Sigmund
  1446 | D:2      | Killed Sigmund
  1446 | D:2      | Reached XP level 4. HP: 37/41 MP: 3/3
  1446 | D:2      | Reached XP level 5. HP: 42/47 MP: 4/4
  1688 | D:3      | Reached skill level 5 in Shields
  1699 | D:3      | Noticed Grinder
  1886 | D:3      | Paralysed by Grinder for 3 turns
  1903 | D:3      | Paralysed by Grinder for 6 turns
  1906 | D:3      | Slain by a worm

Skill      XL: |  1  2  3  4  5 |
---------------+----------------+-----
Fighting       | 4 |  4.8
Shields        | 4 5 |  5.0
Axes           | 3 4 |  4.7
Armour         | 4 |  4.8

Action                   |  1- 3 |  4- 6 || total
-------------------------+-------+-------++-------
Melee: War axe           |    68 |    18 ||    86
       Headbutt          |    14 |     2 ||    16
  Use: Scroll            |     1 |       ||     1
  Eat: Chunk             |     1 |       ||     1
       Ration            |       |     1 ||     1
Armor: Scale mail        |    28 |     7 ||    35
Dodge: Dodged            |    16 |     6 ||    22
Block: Shield            |    34 |     9 ||    43
